 Dungeon Crawl Stone Soup version 0.16-a0-2465-g0f9d4c6 (webtiles) character file.

46558 Gruud the Stormcaller (level 14, -22/88 HPs)
             Began as a High Elf Air Elementalist on Nov 16, 2014.
             Was a High Priest of Okawaru.
             Annihilated by a two-headed ogre
             ... wielding a +0 giant club
              (26 damage)
             ... on level 14 of the Dungeon on Nov 20, 2014.
             The game lasted 03:51:15 (23212 turns).

Gruud the Stormcaller (High Elf Air Elementalist)  Turns: 23212, Time: 03:51:16

Health: -22/88     AC: 10    Str:  8    XL:     14   Next: 5%
Magic:  22/29      EV: 26    Int: 23    God:    Okawaru [*****.]
Gold:   1566       SH:  0    Dex: 17    Spells: 7 memorised, 3 levels left

rFire  + + .     SeeInvis +     a - +8 longbow of Khuor {speed, +Blink Stlth--}
rCold  . . .     Clarity  .     p - +2 leather armour {rF+}
rNeg   . . .     SustAb   .     (no shield)
rPois  +         Gourm    .     i - +2 helmet {SInv}
rElec  .         Spirit   .     j - +0 cloak {+Inv}
rCorr  +         Warding  .     (no gloves)
rMut   .         Stasis   .     (no boots)
MR     ++...                    W - amulet "Geasobru" {rCorr +Fly rPois}
Stlth  +.........               M - ring of Adossaqe {+Inv rF+ EV+5}
                                D - ring of protection from magic

@: repel missiles, very resistant to hostile enchantments, very unstealthy
A: no striking features
a: Heroism, Finesse, Renounce Religion, Evoke Blink, Evoke Invisibility, Evoke
Flight


You were on level 14 of the Dungeon.
You worshipped Okawaru.
Okawaru was extremely pleased with you.
You were not hungry.

You visited 3 branches of the dungeon, and saw 20 of its levels.
You also visited: Labyrinth, Ossuary and Bailey.

You collected 2357 gold pieces.
You spent 791 gold pieces at shops.

Inventory:

Hand weapons
 a - the +8 longbow of Khuor (weapon) {speed, +Blink Stlth--}
   (Okawaru gifted it to you on level 4 of the Orcish Mines)

   Attacks with this weapon are significantly faster.
   It lets you blink.
   It makes you much less stealthy.
 b - the +5 long sword of Cowardice {freeze, rElec rC+ SInv}
   (You found it on level 9 of the Dungeon)

   It has been specially enchanted to freeze those struck by it, causing extra
   injury to most foes and up to double damage against particularly susceptible
   opponents.
   It can also slow down cold-blooded creatures.
   It protects you from cold.
   It insulates you from electricity.
   It enhances your eyesight.
 O - the +3 long sword of Breach {flame, rF+ Int+4 Stlth++}
   (You found it on level 6 of the Dungeon)

   It emits flame when wielded, causing extra injury to most foes and up to
   double damage against particularly susceptible opponents.
   Big, fiery blades are also staple armaments of hydra-hunters.
   It affects your intelligence (+4).
   It protects you from fire.
   It makes you much more stealthy.
Missiles
 r - 27 arrows of frost
 u - 274 arrows (quivered)
 w - 16 arrows of flame
 C - 9 arrows of dispersal
 H - 7 poisoned arrows
Armour
 i - a +2 helmet of see invisible (worn)
 j - a +0 cloak of invisibility (worn)
 p - a +2 leather armour of fire resistance (worn)
Jewellery
 e - an uncursed ring of teleportation
 f - a cursed amulet of warding
 D - a ring of protection from magic (left hand)
 G - an uncursed ring of sustain abilities
 I - an uncursed amulet of guardian spirit
 M - the ring of Adossaqe (right hand) {+Inv rF+ EV+5}
   (You found it in a labyrinth)

   [ring of evasion]

   It affects your evasion (+5).
   It protects you from fire.
   It lets you turn invisible.
 P - an uncursed amulet of stasis
 T - an uncursed ring of protection from cold
 W - the amulet "Geasobru" (around neck) {rCorr +Fly rPois}
   (You found it in a labyrinth)

   [amulet of resist corrosion]

   It protects you from acid and corrosion.
   It protects you from poison.
   It lets you fly.
Magical devices
 h - a wand of teleportation (4)
 o - a wand of draining (2)
 t - a wand of lightning (0)
 v - a wand of teleportation (3)
 E - a wand of slowing (22)
 J - a wand of slowing (17)
Scrolls
 d - 10 scrolls of remove curse
 k - a scroll of magic mapping
 l - 2 scrolls of enchant weapon
 n - a scroll of teleportation
 s - 2 scrolls of fog
 y - 3 scrolls of amnesia
Potions
 g - 2 potions of haste
 m - a potion of restore abilities
 z - 2 potions of cancellation
 A - 7 potions of curing
 B - a potion of brilliance {unknown}
 F - 3 potions of heal wounds
 N - 3 potions of magic
 Q - a potion of resistance
 R - 2 potions of cure mutation {unknown}
 S - 4 potions of might
 V - 3 potions of agility
 Z - a potion of degeneration {unknown}
Miscellaneous
 U - a sack of spiders
Comestibles
 c - 9 bread rations
 q - 6 meat rations
 x - 17 chunks of flesh
 L - 8 royal jellies
 Y - a beef jerky


   Skills:
 - Level 5.2 Fighting
 + Level 11.4 Bows
 + Level 8.0 Armour
 + Level 13.8 Dodging
 - Level 5.4 Stealth
 - Level 5.3 Spellcasting
 - Level 1.1 Conjurations
 - Level 17.2 Air Magic


You had 3 spell levels left.
You knew the following spells:

 Your Spells              Type           Power        Failure   Level  Hunger
a - Shock                 Conj/Air       ####         1%          1    None
b - Swiftness             Chrm/Air       #####...     1%          2    None
c - Static Discharge      Conj/Air       #####...     1%          3    ##.....
d - Flight                Chrm/Air       #####.....   1%          3    ##.....
e - Repel Missiles        Chrm/Air       #####.       1%          2    None
f - Lightning Bolt        Conj/Air       #####.....   8%          5    #####..
g - Summon Lightning Spi  Summ/Air       #####...     3%          4    ####...


Dungeon Overview and Level Annotations

Branches:
Dungeon (15/15)              Lair (1/8) D:10            Orc (4/4) D:11
    Elf (0/3) Orc:3        Depths (0/5) D:15
 Temple: D:4-7       Vaults: D:13-14

Altars:
Dithmenos
Elyvilon
Fedhas
Gozag
Okawaru
Ru
Trog
Xom
Yredelemnul
Zin
Beogh

Shops:
D:4 !   D:9 !   Orc:3 (   Orc:4 =(!}

Annotations:
D:3 exclusion: ogre
D:5 Dowan, Duvessa
D:7 Joseph
D:8 exclusion: upstairs
Lair:1 Nergalle


Message History

A two-headed ogre comes into view.
It is wielding a giant club and a giant spiked club.
The vault guard shouts!
The two-headed ogre shouts in stereo!
Cast which spell? (? or * to list)
Aiming: Summon Lightning Spire
Press: ? - help, Dir - move target cursor An electric hum fills the air.
Casting: Summon Lightning Spire
Confirm with . or Enter, or press ? or * to list all spells.
Aiming: Lightning Bolt
Press: ? - help, Shift-Dir - straight line You hear a mighty clap of thunder!
The bolt of lightning misses the vault guard.
The bolt of lightning hits the vault guard.
The vault guard is moderately wounded.
The vault guard hits you from afar with a halberd!
* * * LOW HITPOINT WARNING * * *
Read which item? (? for menu, Esc to quit)
Okay, then.
The two-headed ogre hits you with a giant club!!
You die...

#.......#..##### #.
#.......#......# #.
#.......#......#+###.
#.......#####.##.....
#.....8...........#.#
#.##<..##.....>...#.#
#......##...........#
#......##.......#####
#...@O.##.#######..##
#......##.#........##
#......p..#........##
#.........'....######
#.........######....'
#......##...........#
#.###...............#
#. #................
#..##............


You could see a vault guard, a two-headed ogre and a friendly lightning spire.

Vanquished Creatures
  A vault guard (D:14)
  A minotaur (Lab)
  An ettin (Orc:3)
  2 hydras
  3 centaur warriors
  Erolcha (Orc:1)
  3 unseen horrors
  7 orc knights
  2 ugly things
  4 hill giants
  2 wolf spider zombies
  An orc sorcerer (Orc:4)
  A manticore (D:11)
  Maurice (Orc:3)
  A centaur zombie (D:15)
  A gargoyle (D:13)
  A yaktaur (D:15)
  A redback zombie (D:12)
  3 two-headed ogres
  A queen bee (D:10)
  Sonja (Orc:3)
  2 trapdoor spider zombies (D:11)
  8 trolls
  A harpy skeleton (D:14)
  6 slime creatures
  A trapdoor spider (D:10)
  2 wraiths
  2 wyverns (D:14)
  3 hogs (D:14)
  A deep elf mage (D:12)
  15 yaks
  2 hippogriffs
  2 steam dragons (D:9)
  8 wargs
  A spriggan skeleton (D:13)
  2 hungry ghosts (D:10)
  6 sky beasts
  A swamp drake (D:11)
  2 ice beasts
  45 orc warriors
  2 black bears
  3 ogres
  9 centaurs
  3 eyes of draining
  2 phantoms
  12 giant frogs
  3 necrophages
  A brain worm (D:13)
  3 big kobolds
  6 wyvern skeletons
  2 gnoll sergeants (D:10)
  3 scorpions
  9 wights
  27 killer bees
  10 hounds
  8 jellies
  24 orc priests
  A crimson imp (D:13)
  3 iguanas
  29 orc wizards
  11 worker ants
  3 giant frog skeletons
  An elf skeleton (D:13)
  2 killer bee zombies
  Ijyb (D:2)
  Jessica (D:2)
  6 big kobold zombies (Ossuary)
  A worker ant zombie (D:8)
  2 mummies
  13 adders
  A worm zombie (D:5)
  13 gnolls
  A shadow imp (D:9)
  3 worms
  6 giant geckos
  An ooze (D:1)
  155 orcs
  2 spectral bats (Ossuary)
  2 ball pythons
  14 bats
  5 bat simulacra (Ossuary)
  3 giant cockroaches
  6 gnoll zombies (Ossuary)
  19 goblins
  20 hobgoblins
  18 jackals
  44 kobolds
  5 giant newts
  5 giant spores
  2 goblin simulacra (Ossuary)
  6 goblin zombies (Ossuary)
  2 hobgoblin zombies (Ossuary)
  3 kobold simulacra (Ossuary)
  3 kobold zombies (Ossuary)
  5 orc zombies (Ossuary)
  3 quokkas
  A quokka skeleton (D:4)
  11 rats
  4 rat simulacra (Ossuary)
  5 spectral goblins (Ossuary)
  4 spectral kobolds (Ossuary)
  A spectral rat (Ossuary)
  12 ballistomycetes
735 creatures vanquished.

Vanquished Creatures (collateral kills)
  Maud (D:15)
  A stone giant (Orc:4)
  Josephine (D:14)
  A vault guard (D:14)
  The ghost of WhatIsLove the Eclecticist, a powerful DECj of Sif Muna (Orc:4)
  A centaur warrior (D:14)
  A hill giant (D:15)
  An orc sorcerer (Orc:4)
  A wolf spider zombie (D:12)
  3 orc knights
  2 cyclopes
  3 slime creatures
  An ugly thing (D:13)
  An efreet (D:13)
  3 trolls
  2 harpy skeletons (D:14)
  A wolf spider simulacrum (D:14)
  2 vampires
  2 hogs (D:14)
  A trapdoor spider zombie (D:13)
  A hippogriff (D:15)
  A shadow (D:14)
  4 yaks
  2 wargs
  16 orc warriors
  2 ogres
  A centaur (D:13)
  2 giant frogs (D:12)
  A crimson imp (D:12)
  6 wights (D:12)
  A hound (D:12)
  An orc priest (Orc:2)
  2 orc wizards (Orc:2)
  A shadow imp (D:14)
  56 orcs
  3 hobgoblins
  A goblin (Orc:3)
131 creatures vanquished.

Vanquished Creatures (others)
  A sky beast (D:14)
  31 lightning spires
  A shadow imp (D:13)
  A giant spore (D:6)
  A ballistomycete (D:10)
  2 fungi (D:11)
37 creatures vanquished.

Grand Total: 903 creatures vanquished

Notes
Turn   | Place    | Note
--------------------------------------------------------------
     0 | D:1      | Gruud, the High Elf Air Elementalist, began the quest for the Orb.
     0 | D:1      | Reached XP level 1. HP: 11/11 MP: 4/4
   100 | D:1      | Reached skill level 4 in Air Magic
   209 | D:1      | Reached XP level 2. HP: 12/17 MP: 4/6
   530 | D:1      | Reached skill level 5 in Air Magic
   614 | D:1      | Learned a level 2 spell: Swiftness
   770 | D:1      | Reached XP level 3. HP: 21/21 MP: 8/8
   905 | D:2      | Noticed Ijyb
   915 | D:2      | Noticed Jessica
   919 | D:2      | Killed Ijyb
   921 | D:2      | Killed Jessica
   921 | D:2      | Reached XP level 4. HP: 20/27 MP: 0/11
  1071 | D:2      | Found a sacrificial altar of Ru.
  1175 | D:2      | Reached skill level 6 in Air Magic
  1300 | D:2      | Found a shadowy altar of Dithmenos.
  1391 | D:2      | Found a glowing silver altar of Zin.
  1574 | D:3      | Learned a level 3 spell: Static Discharge
  1781 | D:3      | Noticed an ogre
  1852 | D:3      | Found a basalt altar of Yredelemnul.
  1942 | D:3      | Reached XP level 5. HP: 24/31 MP: 7/12
  2267 | D:4      | Found an iron altar of Okawaru.
  2287 | D:4      | Became a worshipper of Warmaster Okawaru
  2419 | D:4      | Found Myejaergh's Distillery.
  2433 | D:4      | Bought a potion of poison for 12 gold pieces
  2433 | D:4      | Bought a potion of curing for 36 gold pieces
  2595 | D:4      | Reached skill level 7 in Air Magic
  2732 | D:5      | Entered Level 5 of the Dungeon
  2886 | D:5      | Found a sand-covered staircase.
  2913 | D:5      | Reached XP level 6. HP: 16/36 MP: 8/15
  2918 | Ossuary  | Entered an ossuary
  3525 | Ossuary  | Reached skill level 8 in Air Magic
  3618 | D:5      | Learned a level 3 spell: Flight
  3694 | D:5      | Noticed a sky beast
  3815 | D:5      | Noticed a necrophage
  3823 | D:5      | Killed a necrophage
  3823 | D:5      | Reached XP level 7. HP: 37/41 MP: 14/17
  3992 | D:6      | Reached skill level 9 in Air Magic
  4172 | D:5      | Noticed a centaur
  4185 | D:5      | Killed a centaur
  4185 | D:5      | Reached skill level 5 in Dodging
  4318 | D:5      | Noticed Duvessa
  4320 | D:5      | Noticed Dowan
  4474 | D:6      | Acquired Okawaru's first power
  4515 | D:6      | Reached skill level 10 in Air Magic
  4568 | D:6      | Got a fine long sword
  4569 | D:6      | Identified the +3 long sword of Breach {flame, rF+ Int+4 Stlth++} (You found it on level 6 of the Dungeon)
  4573 | D:6      | Learned a level 2 spell: Repel Missiles
  4656 | D:6      | Reached XP level 8. HP: 38/46 MP: 14/20
  5481 | D:7      | Reached skill level 11 in Air Magic
  5494 | D:7      | Noticed Joseph
  5926 | D:7      | Reached skill level 5 in Spellcasting
  6542 | D:7      | Learned a level 5 spell: Lightning Bolt
  6585 | D:8      | Reached skill level 12 in Air Magic
  6585 | D:8      | Reached XP level 9. HP: 34/51 MP: 17/24
  6875 | D:5      | Killed a sky beast
  6948 | D:4      | Bought 2 potions of heal wounds for 120 gold pieces
  7136 | D:7      | Found a bloodstained altar of Trog.
  7495 | D:8      | Reached skill level 13 in Air Magic
  7742 | D:8      | Noticed a two-headed ogre
  7751 | D:8      | Killed a two-headed ogre
  8103 | D:9      | Got a blackened whip
  8109 | D:9      | Identified the +3 whip of Deformation {drain, MR+ Dex-2} (You found it on level 9 of the Dungeon)
  8143 | D:9      | Found a white marble altar of Elyvilon.
  8504 | D:9      | Found an opulent altar of Gozag.
  8545 | D:9      | Reached skill level 14 in Air Magic
  8568 | D:9      | Got a steaming long sword
  8569 | D:9      | Identified the +5 long sword of Cowardice {freeze, rElec rC+ SInv} (You found it on level 9 of the Dungeon)
  8623 | D:9      | Reached XP level 10. HP: 35/56 MP: 14/25
  8750 | D:9      | Acquired Okawaru's second power
  9235 | D:10     | Entered Level 10 of the Dungeon
  9251 | D:9      | Found Zyvastruy's Distillery.
  9329 | D:10     | Noticed a purple ugly thing
  9335 | D:10     | Killed a purple ugly thing
  9338 | D:10     | Noticed a hill giant
  9355 | D:10     | Reached skill level 15 in Air Magic
  9355 | D:10     | Killed a hill giant
  9376 | D:10     | Noticed a hill giant
  9643 | D:10     | Received a gift from Okawaru
  9744 | D:10     | Noticed a hill giant
  9750 | D:10     | Killed a hill giant
 10015 | D:10     | Reached skill level 16 in Air Magic
 10015 | D:10     | Reached XP level 11. HP: 31/61 MP: 12/26
 10440 | D:10     | Found an opulent altar of Gozag.
 10747 | D:10     | Reached skill level 1 in Fighting
 11065 | D:10     | Killed a hill giant
 11065 | D:10     | Reached skill level 10 in Dodging
 11359 | D:10     | Found a staircase to the Lair.
 11598 | D:11     | Found a flagged portal.
 11628 | D:11     | Received a gift from Okawaru
 11693 | Bailey   | Entered a bailey
 12118 | D:11     | Received a gift from Okawaru
 12169 | D:9      | Bought a potion of curing for 42 gold pieces
 12169 | D:9      | Bought a potion of magic for 112 gold pieces
 12169 | D:9      | Bought a potion of curing for 42 gold pieces
 12169 | D:9      | Bought a potion of curing for 42 gold pieces
 12169 | D:9      | Bought a potion of curing for 42 gold pieces
 12629 | D:11     | Reached skill level 17 in Air Magic
 12652 | D:11     | Found a blossoming altar of Fedhas.
 13186 | D:11     | Found a staircase to the Orcish Mines.
 13280 | D:12     | Found a labyrinth entrance.
 13300 | Lab      | Entered a labyrinth
 13505 | Lab      | Noticed a minotaur
 13515 | Lab      | Killed a minotaur
 13515 | Lab      | Received a gift from Okawaru
 13542 | Lab      | Identified the Papyrus of Companions
 13542 | Lab      | Got a twitching brass ring
 13542 | Lab      | Got a transparent tin amulet
 13543 | Lab      | Got a crude quarterstaff
 13545 | Lab      | Identified the +5 quarterstaff of Inconvenience {venom, +Rage rN+ MR+ SInv Stlth-} (You found it in a labyrinth)
 13548 | Lab      | Got a twisted chain mail
 13560 | Lab      | Identified the cursed -5 chain mail of the Blacksmith {Int+4} (You found it in a labyrinth)
 13560 | Lab      | Identified a +4 rod of inaccuracy (4/12) (You took it off a minotaur in a labyrinth)
 13576 | Lab      | Identified the ring of Adossaqe {+Inv rF+ EV+5} (You found it in a labyrinth)
 13582 | Lab      | Learned a level 4 spell: Summon Lightning Spire
 13699 | D:12     | Identified the amulet "Geasobru" {rCorr +Fly rPois} (You found it in a labyrinth)
 13722 | D:12     | Reached skill level 5 in Fighting
 13773 | D:12     | Upgraded the game from 0.16-a0-2278-gad6c6b8 to 0.16-a0-2319-g575aa7f
 13794 | D:12     | Noticed a hill giant
 13800 | D:12     | Killed a hill giant
 13800 | D:12     | Reached skill level 1 in Bows
 13800 | D:12     | Reached XP level 12. HP: 77/77 MP: 0/27
 14000 | D:12     | Reached skill level 1 in Armour
 14545 | D:12     | Found a shimmering altar of Xom.
 14934 | D:12     | Noticed an unseen horror
 14947 | D:12     | Killed an unseen horror
 15267 | D:13     | Noticed an eight-headed hydra
 15283 | D:13     | Killed an eight-headed hydra
 15479 | D:13     | Reached skill level 5 in Bows
 15755 | D:13     | Got a polished shortbow
 15756 | D:13     | Identified the +5 shortbow of Zuimp {velocity, rPois} (You found it on level 13 of the Dungeon)
 15815 | D:13     | Got a jewelled trident
 15816 | D:13     | Identified the +7 trident of World Downfall {pierce, rElec Int+3 Dex-3} (You found it on level 13 of the Dungeon)
 16049 | D:14     | Noticed an eight-headed hydra
 16066 | D:14     | Killed an eight-headed hydra
 16478 | D:14     | Noticed a vault guard
 16478 | D:14     | Noticed a vault guard
 16478 | D:14     | Noticed a vault guard
 16591 | D:14     | Noticed a centaur warrior
 16613 | D:14     | Killed a centaur warrior
 16755 | D:14     | Upgraded the game from 0.16-a0-2319-g575aa7f to 0.16-a0-2381-gbf6b861
 16759 | D:14     | Noticed a centaur warrior
 16773 | D:14     | Killed a centaur warrior
 16854 | D:14     | Noticed a vault guard
 17022 | D:15     | Entered Level 15 of the Dungeon
 17233 | D:15     | Reached XP level 13. HP: 62/81 MP: 7/29
 17245 | D:15     | Received a gift from Okawaru
 17503 | D:14     | Noticed a vault guard
 17530 | D:14     | Killed a vault guard
 17530 | D:14     | Reached skill level 5 in Armour
 17542 | D:14     | Killed a vault guard
 17588 | D:14     | Noticed Josephine
 17594 | D:14     | Killed Josephine
 17608 | D:14     | Noticed a vault guard
 17620 | D:14     | Received a gift from Okawaru
 17648 | D:14     | Noticed a vault guard
 18051 | D:15     | Noticed Maud
 18069 | D:15     | Killed Maud
 18398 | Lair:1   | Entered Level 1 of the Lair of Beasts
 18421 | Lair:1   | Noticed Nergalle
 18423 | Lair:1   | Upgraded the game from 0.16-a0-2381-gbf6b861 to 0.16-a0-2388-g8c53b03
 18501 | Orc:1    | Entered Level 1 of the Orcish Mines
 18772 | Orc:1    | Noticed Erolcha
 18781 | Orc:1    | Killed Erolcha
 19149 | Orc:2    | Found a shimmering altar of Xom.
 19221 | Orc:2    | Reached skill level 5 in Stealth
 19663 | Orc:3    | Found a staircase to the Elven Halls.
 19944 | Orc:3    | Noticed Sonja
 19946 | Orc:3    | Noticed Maurice
 19952 | Orc:3    | Killed Sonja
 19975 | Orc:3    | Killed Maurice
 20276 | Orc:3    | Found Beiwnoip's Antique Weapon Emporium.
 20500 | Orc:4    | Entered Level 4 of the Orcish Mines
 20500 | Orc:4    | Noticed a stone giant
 20508 | Orc:4    | Killed a stone giant
 20508 | Orc:4    | Reached skill level 10 in Bows
 20690 | Orc:4    | Received a gift from Okawaru
 20748 | Orc:4    | Noticed WhatIsLove's ghost (powerful DECj)
 20755 | Orc:4    | Killed WhatIsLove's ghost
 21078 | Orc:4    | Found a roughly hewn altar of Beogh.
 22127 | Orc:4    | Received a gift from Okawaru
 22138 | Orc:4    | Got an encrusted longbow {god gift}
 22139 | Orc:4    | Identified the +8 longbow of Khuor {speed, +Blink Stlth--} (Okawaru gifted it to you on level 4 of the Orcish Mines)
 22209 | Orc:4    | Found Ameoc's Gadget Boutique.
 22209 | Orc:4    | Found Xegeaq Laang's Distillery.
 22280 | Orc:4    | Bought a potion of heal wounds for 50 gold pieces
 22281 | Orc:4    | Bought a potion of curing for 30 gold pieces
 22281 | Orc:4    | Bought a potion of magic for 80 gold pieces
 22282 | Orc:4    | Bought a potion of might for 40 gold pieces
 22282 | Orc:4    | Bought a potion of agility for 40 gold pieces
 22282 | Orc:4    | Bought a potion of might for 40 gold pieces
 22304 | Orc:4    | Found a roughly hewn altar of Beogh.
 22427 | Orc:4    | Found Direcrua's Weapon Boutique.
 22427 | Orc:4    | Found Ithibreu's Jewellery Shoppe.
 22455 | Orc:4    | Bought a cursed ring of loudness for 63 gold pieces
 22626 | D:11     | Upgraded the game from 0.16-a0-2388-g8c53b03 to 0.16-a0-2465-g0f9d4c6
 22827 | D:15     | Got a faintly humming robe
 22841 | D:15     | Identified the +0 robe of the Illusory Lives {rC+} (You found it on level 15 of the Dungeon)
 22938 | D:15     | Noticed a centaur warrior
 22948 | D:15     | Killed a centaur warrior
 22948 | D:15     | Reached XP level 14. HP: 80/88 MP: 25/29
 23139 | D:15     | Noticed a centaur warrior
 23145 | D:15     | Killed a centaur warrior
 23164 | D:15     | Found a staircase to the Depths.
 23164 | D:15     | Noticed a yaktaur captain
 23204 | D:14     | HP: 2/88 [vault guard/halberd (17)]
 23212 | D:14     | Annihilated by a two-headed ogre

Action                   |  1- 3 |  4- 6 |  7- 9 | 10-12 | 13-15 || total
-------------------------+-------+-------+-------+-------+-------++-------
Melee: Short sword       |    27 |    13 |       |       |       ||    40
       Club              |     2 |       |       |       |       ||     2
       Unarmed           |     1 |       |       |       |       ||     1
       Trident           |       |   119 |    31 |       |       ||   150
       Long sword        |       |       |   168 |   257 |   279 ||   704
       Longbow           |       |       |       |       |     9 ||     9
 Fire: Shortbow          |       |       |     9 |    13 |    47 ||    69
       Longbow           |       |       |       |       |    83 ||    83
Throw: Stone             |       |       |     1 |       |       ||     1
 Cast: Shock             |    30 |   133 |   178 |   582 |   146 ||  1069
       Static Discharge  |       |       |     3 |       |    24 ||    27
       Swiftness         |       |       |     2 |       |       ||     2
       Flight            |       |       |     5 |     4 |       ||     9
       Repel Missiles    |       |       |     1 |     2 |     2 ||     5
       Lightning Bolt    |       |       |     5 |    66 |    55 ||   126
       Summon Lightning  |       |       |       |    41 |    72 ||   113
Invok: Heroism           |       |       |     1 |     1 |     1 ||     3
Evoke: Wand              |       |       |       |     6 |     1 ||     7
  Use: Scroll            |       |    10 |     7 |    19 |     6 ||    42
       Potion            |       |       |     5 |     8 |     2 ||    15
 Stab: Sleeping          |     4 |     5 |     2 |       |     1 ||    12
       Distracted        |       |       |     1 |     5 |     5 ||    11
  Eat: Chunk             |       |     6 |    15 |    39 |    44 ||   104
       Bread ration      |       |     1 |       |     1 |       ||     2
       Pizza             |       |     1 |       |     3 |       ||     4
       Beef jerky        |       |       |       |     4 |     2 ||     6
